 Dungeon Crawl Stone Soup version 0.24.0-13-gcf9b319 (webtiles) character file.

Game seed: 10020599621131145071, levelgen mode: deterministic

18813 shmeve the Blocker (level 12, -4/168 HPs)
             Began as a Minotaur Berserker on Apr 13, 2020.
             Was a High Priest of Trog.
             Killed from afar by a ynoxinul (16 damage)
             ... with an iron shot
             ... summoned by an orc high priest
             ... on level 2 of the Orcish Mines.
             The game lasted 00:22:49 (11407 turns).

shmeve the Blocker (Minotaur Berserker)            Turns: 11407, Time: 00:22:49

Health: -4/168     AC: 20    Str: 36    XL:     12   Next: 31%
Magic:  0/3        EV: 12    Int:  5    God:    Trog [*****.]
Gold:   834        SH: 14    Dex: 15    Spells: 11/11 levels left

rFire    + . .     SeeInvis .   J - +3 broad axe (antimagic)
rCold    . . .     Gourm    .   G - +0 shield
rNeg     + + +     Faith    .   z - +0 plate armour
rPois    .         Spirit   .   w - +2 hat
rElec    .         Reflect  .   E - +1 cloak
rCorr    .         Harm     .   A - +1 pair of gloves of the Gusle {-Cast rF+ rN+++ Str+2}
MR       .....     NoCast   +   (no boots)
Stlth    ..........             (no amulet)
HPRegen  0.38/turn              H - +4 ring of dexterity
MPRegen  0.08/turn              I - +4 ring of strength

@: berserking, very quick
A: retaliatory headbutt, horns 2
a: Berserk, Trog's Hand, Brothers in Arms, Renounce Religion


You were on level 2 of the Orcish Mines.
You worshipped Trog.
Trog was extremely pleased with you.
You were hungry.

You visited 2 branches of the dungeon, and saw 12 of its levels.

You collected 834 gold pieces.

Inventory:

Hand Weapons
 J - a +3 antimagic broad axe (weapon)
Missiles
 s - 2 javelins
 v - 21 boomerangs (quivered)
 D - 5 silver javelins
Armour
 w - a +2 hat (worn)
 z - a +0 plate armour (worn)
 A - the +1 pair of gloves of the Gusle (worn) {-Cast rF+ rN+++ Str+2}
   (You found it on level 7 of the Dungeon)

   It affects your strength (+2).
   It protects you from fire.
   It renders you almost immune to negative energy.
   It prevents spellcasting.
 E - a +1 cloak (worn)
 G - a +0 shield (worn)
Jewellery
 H - a +4 ring of dexterity (left hand)
 I - a +4 ring of strength (right hand)
Scrolls
 b - 2 scrolls of blinking {unknown}
 d - 3 scrolls of teleportation {unknown}
 e - 14 scrolls of identify
 g - 2 scrolls of enchant weapon {unknown}
 j - a scroll of noise {unknown}
 m - 2 scrolls of immolation {unknown}
 o - a scroll of fear {unknown}
 q - 11 scrolls of remove curse
 u - a scroll of summoning {unknown}
 y - 2 scrolls of amnesia {unknown}
 B - 2 scrolls of vulnerability {unknown}
 C - 2 scrolls of fog {unknown}
 F - 3 scrolls of magic mapping {unknown}
Potions
 a - a potion of lignification {unknown}
 f - a potion of haste {unknown}
 i - 6 potions of curing {unknown}
 k - a potion of mutation {unknown}
 l - a potion of resistance {unknown}
 n - 3 potions of degeneration {unknown}
 p - 3 potions of berserk rage {unknown}
 r - a potion of cancellation {unknown}
 t - 2 potions of flight {unknown}
 x - 2 potions of agility {unknown}
 K - a potion of magic {unknown}
Comestibles
 c - 16 rations
 h - 9 chunks of flesh


   Skills:
 * Level 11.9 Fighting
 * Level 11.8 Axes
 + Level 6.6 Throwing
 + Level 8.4 Armour
 + Level 7.8 Dodging
 * Level 11.9 Shields


You had 11 spell levels left.
You didn't know any spells.
Your spell library was empty.

Dungeon Overview and Level Annotations

Branches:
Dungeon (10/15)            Temple (0/1) D:7            Lair (0/6) D:10
    Orc (2/2) D:9             Elf (0/3) Orc:2

Altars:
Ashenzari
Cheibriados
Dithmenos
Gozag
Hepliaklqana
Nemelex Xobeh
Qazlal
Sif Muna
Trog
Vehumet
Yredelemnul
Beogh

Shops:
Orc:2 =%


Innate Abilities, Weirdness & Mutations

You reflexively headbutt those who attack you in melee.
You have a pair of horns on your head.


Message History

You slice the orc priest!!
You kill the orc priest!
Trog accepts your kill.
You hit the orc warrior. You slash the chaos spawn!
Your plate armour prevents you from hitting the orc priest.
The orc high priest closely misses you. You furiously retaliate!
You headbutt the orc high priest!
The orc priest calls upon Beogh to heal the orc high priest.
The orc high priest is healed somewhat.
The orc warrior barely misses you. The ufetubus misses you.
You block the ufetubus's attack.
You closely miss the orc high priest.
Your headbutt misses the orc high priest.
The orc high priest is lightly wounded.
You barely miss the ynoxinul.
Your shield and plate armour prevent you from hitting the ufetubus.
You hit the orc warrior. You closely miss the chaos spawn.
You slash the orc priest! You block the chaos spawn's attack.
The ynoxinul gestures at you. The iron shot hits you!
You die...

##......## #..8._.8..
##.....## #.........
##....)#####.).....#
#### ##....[.####.))).##
#...# ##........##8)8##.
.....# ##........#)))#..
......####...........)).
......4o###.............
..∩...o@55###.....8.8...
......)o3...###.........
......##4.....##.......#
.....# ##.........))....
#...# ###.......8.8...
#### #####[........ ###
## #####'#### #.## ..
#.# ...# #### ### #. #.#


You could see an orc high priest, a ynoxinul, a chaos spawn, a red devil, an orc
warrior, an orc priest and 2 ufetubi.

Vanquished Creatures
  An orc warlord (Orc:2)
  Erolcha (D:9)
  5 two-headed ogres
  3 orc high priests (Orc:2)
  3 orc sorcerers (Orc:2)
  A troll (D:9)
  Grinder (D:5)
  Prince Ribbit (D:7)
  A hippogriff (D:10)
  Sigmund (D:5)
  5 yaks (D:7)
  4 hogs (D:8)
  A wyvern (D:10)
  A human (D:8)
  Eustachio (D:5)
  2 wargs (D:10)
  3 ice beasts (D:10)
  24 orc warriors
  A hornet zombie (D:8)
  3 phantoms
  9 ogres
  A centaur (D:10)
  2 big kobolds
  7 bullfrogs
  6 scorpions
  5 killer bees (D:9)
  7 wights
  3 howler monkeys (D:10)
  2 quasits (D:10)
  3 bullfrog zombies
  6 jellies
  27 orc priests
  6 hounds
  A bullfrog skeleton (D:7)
  Natasha (thrice) (D:3)
  3 iguanas
  5 worker ants
  14 orc wizards
  A killer bee zombie (D:3)
  3 hound skeletons
  A worker ant zombie (D:7)
  3 gnolls (D:3)
  11 adders
  3 howler monkey skeletons
  10 oozes
  An adder zombie (D:6)
  An adder skeleton (D:7)
  3 worms
  3 dart slugs
  2 leopard geckos
  109 orcs
  4 ball pythons
  4 giant cockroaches
  5 goblins
  6 hobgoblins
  3 jackals (D:4)
  4 quokkas
  14 bats
  6 frilled lizards
  26 kobolds
  A leopard gecko skeleton (D:5)
  A leopard gecko zombie (D:5)
  11 rats
  A fungus (D:3)
410 creatures vanquished.

Vanquished Creatures (collateral kills)
  6 orc warriors
  An orc wizard (Orc:2)
  2 orc priests (Orc:2)
  6 orcs (Orc:2)
15 creatures vanquished.

Vanquished Creatures (others)
  A fungus (D:3)
  7 toadstools (D:3)
8 creatures vanquished.

Grand Total: 433 creatures vanquished

Notes
Turn   | Place    | Note
-------+----------+-------------------------------------------
     0 | D:1      | shmeve the Minotaur Berserker began the quest for the Orb.
     0 | D:1      | Reached XP level 1. HP: 19/19 MP: 0/0
   330 | D:1      | Reached XP level 2. HP: 27/27 MP: 1/1
  1069 | D:2      | Reached XP level 3. HP: 30/33 MP: 2/2
  1105 | D:2      | Reached ** piety under Trog
  1172 | D:2      | Reached skill level 1 in Throwing
  1502 | D:2      | Reached XP level 4. HP: 40/41 MP: 3/3
  1673 | D:2      | Found a bloodstained altar of Trog.
  1827 | D:3      | Noticed Natasha
  1830 | D:3      | Found a radiant altar of Vehumet.
  1832 | D:3      | Killed Natasha
  2016 | D:3      | Reached skill level 5 in Fighting
  2016 | D:3      | Reached XP level 5. HP: 29/48 MP: 4/4
  2153 | D:3      | Noticed Natasha
  2170 | D:3      | Killed Natasha
  2170 | D:3      | Reached skill level 5 in Axes
  2501 | D:3      | Noticed Natasha
  2512 | D:3      | Killed Natasha
  2512 | D:3      | Reached XP level 6. HP: 23/56 MP: 5/5
  2841 | D:3      | Found a sparkling altar of Nemelex Xobeh.
  3000 | D:3      | Reached *** piety under Trog
  3442 | D:4      | Reached XP level 7. HP: 60/63 MP: 6/6
  3840 | D:4      | Found a shimmering blue altar of Sif Muna.
  3871 | D:5      | Entered Level 5 of the Dungeon
  3876 | D:5      | Noticed Sigmund
  3885 | D:5      | Killed Sigmund
  4047 | D:5      | Noticed Eustachio
  4051 | D:5      | Killed Eustachio
  4105 | D:5      | Noticed Grinder
  4113 | D:5      | Paralysed by Grinder for 7 turns
  4124 | D:5      | Killed Grinder
  4124 | D:5      | Reached XP level 8. HP: 45/73 MP: 7/7
  4299 | D:5      | Reached **** piety under Trog
  4540 | D:5      | Reached skill level 5 in Armour
  4988 | D:6      | Found a snail-covered altar of Cheibriados.
  5080 | D:6      | Reached skill level 5 in Dodging
  5351 | D:6      | Found a stormy altar of Qazlal.
  5351 | D:6      | Found a hazy altar of Hepliaklqana.
  5593 | D:7      | Got a pair of distressingly furry gloves
  5599 | D:7      | Reached XP level 9. HP: 70/82 MP: 8/8
  5608 | D:7      | Identified the +1 pair of gloves of the Gusle {-Cast rF+
                  | rN+++ Str+2} (You found it on level 7 of the Dungeon)
  5777 | D:7      | Noticed Prince Ribbit
  5803 | D:7      | Killed Prince Ribbit
  5875 | D:7      | Found a shadowy altar of Dithmenos.
  6328 | D:7      | Found a staircase to the Ecumenical Temple.
  6486 | D:7      | Found an opulent altar of Gozag.
  6614 | D:8      | Reached skill level 5 in Throwing
  6631 | D:8      | Reached ***** piety under Trog
  6867 | D:8      | Found a shattered altar of Ashenzari.
  6975 | D:8      | Received a gift from Trog
  6984 | D:8      | Reached skill level 10 in Fighting
  6984 | D:8      | Reached XP level 10. HP: 93/93 MP: 9/9
  7367 | D:9      | Noticed Erolcha
  7381 | D:9      | Killed Erolcha
  7491 | D:9      | Found a basalt altar of Yredelemnul.
  7870 | D:9      | Found a roughly hewn altar of Beogh.
  7870 | D:9      | Found a staircase to the Orcish Mines.
  8556 | D:10     | Entered Level 10 of the Dungeon
  8604 | D:10     | Reached skill level 10 in Axes
  8614 | D:10     | Received a gift from Trog
  8637 | D:10     | Reached skill level 10 in Shields
  8686 | D:10     | Noticed a two-headed ogre
  8695 | D:10     | Killed a two-headed ogre
  8695 | D:10     | Reached XP level 11. HP: 52/100 MP: 3/10
  9053 | D:10     | Noticed a two-headed ogre
  9061 | D:10     | Killed a two-headed ogre
  9197 | D:10     | Found a staircase to the Lair.
  9964 | Orc:1    | Entered Level 1 of the Orcish Mines
 10196 | Orc:2    | Entered Level 2 of the Orcish Mines
 10196 | Orc:2    | Noticed a two-headed ogre
 10206 | Orc:2    | Killed a two-headed ogre
 10364 | Orc:2    | Noticed a two-headed ogre
 10369 | Orc:2    | Killed a two-headed ogre
 10395 | Orc:2    | Noticed a two-headed ogre
 10429 | Orc:2    | Killed a two-headed ogre
 10558 | Orc:2    | Noticed an orc sorcerer
 10574 | Orc:2    | Killed an orc sorcerer
 10806 | Orc:2    | Noticed an orc sorcerer
 10806 | Orc:2    | Noticed an orc sorcerer
 10815 | Orc:2    | Killed an orc sorcerer
 10828 | Orc:2    | Killed an orc sorcerer
 10834 | Orc:2    | Received a gift from Trog
 10927 | Orc:2    | Found a staircase to the Elven Halls.
 11003 | Orc:2    | Noticed an orc warlord
 11006 | Orc:2    | Found a roughly hewn altar of Beogh.
 11019 | Orc:2    | Killed an orc warlord
 11019 | Orc:2    | Reached XP level 12. HP: 109/110 MP: 3/11
 11133 | Orc:2    | Noticed an orc high priest
 11144 | Orc:2    | Killed an orc high priest
 11183 | Orc:2    | Noticed an orc high priest
 11195 | Orc:2    | Killed an orc high priest
 11337 | Orc:2    | Noticed an orc high priest
 11338 | Orc:2    | Found Omaffo's Food Shop.
 11348 | Orc:2    | Killed an orc high priest
 11390 | Orc:2    | Found Idolarch's Jewellery Emporium.
 11390 | Orc:2    | Noticed an orc high priest
 11407 | Orc:2    | Killed from afar by a ynoxinul

Levels and vault maps discovered:
D:1:      tarquinn_simple_flora_water_f, layout_basic
D:2:      minmay_spotlight, layout_rooms, lightli_temple_of_fire
D:3:      cheibrodos_fertilizer, layout_basic, old_standard_altar,
          nemelex_altar_shiori, first_ration, uniq_natasha
D:4:      minmay_opposing_rooms, layout_basic, nicolae_tso_swordbearing_angel,
          led_sif_book, nicolae_overflow_hidden_temple
D:5:      layout_gridville, uniq_sigmund, uniq_grinder, uniq_eustachio
D:6:      layout_loops_ring, nicolae_overflow_crystal_walls,
          gammafunk_temple_overflow_wave
D:7:      layout_cave_pools, lemuel_crystal_altar, kennysheep_mini,
          minmay_temple_entry_steel_oval, uniq_prince_ribbit1
D:8:      layout_rooms, overflow_temple_1_default, grunt_livestock
D:9:      layout_roguey, kennysheep_little_box, david_orc_5, uniq_erolcha
D:10:     layout_gridville, erik_lair_orcish_takeover, kennysheep_diamond
Orc:1:    layout_diamond_mine, uniq_urug
Orc:2:    pubby_orc_utopia

Skill      XL: |  1  2  3  4  5  6  7  8  9 10 11 |
---------------+----------------------------------+-----
Axes           | 4 5 7 8 9 10 11 | 11.8
Fighting       | 4 5 6 7 8 10 11 | 11.9
Throwing       | 1 2 3 4 5 6 |  6.6
Armour         | 3 4 5 6 7 8 |  8.4
Dodging        | 3 4 5 6 7 |  7.8
Shields        | 10 11 | 11.9

Action                   |  1- 3 |  4- 6 |  7- 9 | 10-12 || total
-------------------------+-------+-------+-------+-------++-------
Melee: Hand axe          |    69 |   119 |   300 |    99 ||   587
       Headbutt          |    12 |    25 |    82 |    96 ||   215
       War axe           |       |       |       |    43 ||    43
       Broad axe         |       |       |       |   223 ||   223
Throw: Boomerang         |       |     6 |    18 |    17 ||    41
Invok: Trog's Hand       |       |     3 |     2 |     8 ||    13
       Berserk           |       |     2 |     3 |     4 ||     9
       Brothers in Arms  |       |       |       |     2 ||     2
  Use: Scroll            |       |     1 |     4 |     2 ||     7
       Potion            |       |       |       |     3 ||     3
 Stab: Sleeping          |       |     1 |       |       ||     1
  Eat: Chunk             |     2 |     9 |    15 |    21 ||    47
Armor: Animal skin       |    17 |    35 |       |       ||    52
       Plate armour      |       |       |   176 |   207 ||   383
Dodge: Dodged            |    61 |   110 |   151 |   176 ||   498
Block: Shield            |       |       |       |   272 ||   272
